 Dungeon Crawl Stone Soup version 0.31.0-32-g396128a36d (webtiles) character file.

Game seed: 2507697003122568235

0 Nikitauou the Cudgeller (level 1, 0/1 HPs)
             Began as a Gargoyle Gladiator on Apr 6, 2024.
             Slain by an endoplasm (1 damage)
             ... on level 1 of the Dungeon.
             The game lasted 00:00:25 (33 turns).

Nikitauou the Cudgeller (Gargoyle Gladiator)          Turns: 33, Time: 00:00:26

Health: 0/1        AC:  3    Str: 17    XL:     1   Next: 10%
Magic:  1/1        EV: 12    Int:  8    God:
Gold:   0          SH:  0    Dex: 11    Spells: 0/0 levels left

rFire   . . .        a - +0 flail
rCold   . . .        (no shield)
rNeg    + . .        b - melded +0 leather armour
rPois   ∞            c - +0 helmet
rElec   +            (no cloak)
rCorr   .            (no gloves)
SInv    .            (no boots)
Will    .....        (no amulet)
Stlth   +            (no ring)
HPRegen 0.20/turn    (no ring)
MPRegen 0.07/turn

%: no passive effects
@: maw-form
A: devouring maw, reduced hp, sickness immunity, AC +2, negative energy
resistance 1, electricity resistance, torment resistance 1, petrification
resistance
a: Begin Untransformation


You were on level 1 of the Dungeon.
You were a creature with a mouth for a stomach.
You visited 1 branch of the dungeon, and saw 1 of its levels.

Inventory:

Hand Weapons
 a - a +0 flail (weapon)
Missiles
 d - 3 throwing nets (quivered)
 e - a javelin
Armour
 b - a +0 leather armour (melded)
 c - a +0 helmet (worn)
Talismans
 f - a maw talisman (active)


   Skills:
 + Level 2.2 Fighting
 + Level 3.0 Maces & Flails
 + Level 1.7 Throwing
 + Level 2.4 Dodging


You couldn't memorise any spells.
You didn't know any spells.
Your spell library was empty.

Dungeon Overview and Level Annotations

Branches:
Dungeon (1/15)

Altars:


Innate Abilities, Weirdness & Mutations

You are a creature with a mouth for a stomach.
Your midsection houses a second, enormous mouth.
Your maximum health is decreased, since you lack skill for your form.
You are immune to sickness and miasma.
Your stone body is resilient. (AC +2)
You are immune to poison.
You resist negative energy. (rN+)
You are resistant to electric shocks. (rElec)
You are resistant to unholy torment.
You are immune to petrification.


Message History

Press ? for a list of commands and other information.
Found 6 large rocks.
Found an escape hatch in the floor.
Found a staircase leading out of the dungeon.
You see here 6 large rocks.
Found a maw talisman.
A bat comes into view.
A bat is nearby!
Why would you want to do that? The bat closely misses you. The bat misses you.
You barely miss the bat. The bat hits you but does no damage.
The bat hits you but does no damage. The bat closely misses you.
You hit the bat but do no damage. The bat barely misses you.
The bat hits you but does no damage. x2
You miss the bat. The bat misses you. The bat hits you but does no damage.
You hit the bat.
You kill the bat!
Found a leather armour.
An endoplasm comes into view.
The endoplasm quivers.
You see here a maw talisman.
f - a maw talisman An endoplasm is nearby!
You begin transforming.
You continue transforming.
The endoplasm freezes you.
You are frozen.
You continue transforming.
The endoplasm freezes you.
You are frozen.
You continue transforming.
The endoplasm barely misses you.
You turn into a creature with a mouth for a stomach.
Your +0 leather armour melds into your body.
HP restored.
You hit the endoplasm.
You bite the endoplasm, but do no damage.
The endoplasm is lightly wounded.
The endoplasm hits you.
Ouch! That really hurt!
You die...

# ### #. #.. ##
.##.# #.# #.
...#####.## ###.
#..##..... ...
#..##.##.#
#.###..##.##.#
######............#
....[.JW........#.##
########...........#
###.≈≈≈≈≈≈≈.#
#.≈.....≈.###
#.≈.........#
#.≈...≈≈≈≈≈.#
#.≈...≈<..≈.#
#.≈...(.≈.≈.#
#.≈.≈≈≈≈≈.≈.#


You could see an endoplasm.

Vanquished Creatures
  A bat (D:1)
1 creature vanquished.

Notes
Turn   | Place    | Note
-------+----------+-------------------------------------------
     0 | D:1      | Nikitauou the Gargoyle Gladiator began the quest for the
                  | Orb.
     0 | D:1      | Reached XP level 1. HP: 12/12 MP: 1/1
    33 | D:1      | Slain by an endoplasm

Illustrated notes

Levels and vault maps discovered:
D:1:      ebering_trefoil_twist, layout_loops_ring, minmay_vboxes

Action                     || total
---------------------------++-------
  Melee: Flail             ||     5
         Maw               ||     1
 Armour: Leather armour    ||     5
         Skin              ||     1
  Dodge: Dodged            ||     6
   Form: Maw               ||     1
